Map: Dash and Terminal LE (Void)

Players

MGHM

  • Race: Protoss Protoss
  • League: Master

ReDBeTraYaL - Winner!

  • Race: Terran Terran
  • League: Platinum

VOD

Have the link to the VOD?

Description

Time

  • Played on: Aug. 27, 2015, 6:22 p.m.
  • Length: 18:06
Show
View Real Time Build Order
Export as new Build Order

MGHM Protoss 

Build Orders: 1 Gate Expand, Double Forge, Zealot Archon 

Get SALT Encoding   

  12  0:01  Probe  
  13  0:13  Probe  
  14  0:19  Pylon  
  14  0:25  Probe  
  15  0:37  Probe  
  15  0:38  Gateway  
  16  0:46  Assimilator  
  16  0:49  Probe  
  17  1:02  Probe  
  18  1:15  Probe  
  19  1:26  Nexus  
  19  1:29  Probe  
  20  1:41  Cybernetics Core  
  20  1:43  Probe  
  21  1:53  Pylon  
  21  1:55  Probe  
  22  2:08  Probe  
  23  2:11  Assimilator  
  23  2:12  Warp Gate  
  23  2:17  Robotics Facility  
  23  2:23  Pylon  
  23  2:29  Gateway  
  23  2:38  Probe, Adept  
  23  2:40  Probe  
  27  2:50  Probe  
  28  2:52  Pylon  
  28  2:53  Probe  
  29  3:02  Mothership Core  
  29  3:05  Probe  
  32  3:10  Observer  
  33  3:15  Adept  
  33  3:17  Probe  
  36  3:22  Adept  
  36  3:23  Probe  
  39  3:29  Probe  
  40  3:36  Probe  
  40  3:37  Immortal  
  45  3:41  Probe  
  45  3:48  Probe  
  47  3:53  Probe  
  48  4:00  Probe  
  49  4:04  Forge  
  49  4:05  Forge  
  49  4:06  Pylon  
  49  4:07  Probe  
  49  4:09  Pylon  
  50  4:12  Probe  
  51  4:19  Probe  
  52  4:29  Probe  
  51  4:38  Probe  
  52  4:40  Warp Prism, Assimilator  
  52  4:41  Protoss Ground Weapons Level 1  
  52  4:42  Protoss Ground Armor Level 1, Assimilator  
  54  4:46  Twilight Council  
  54  4:48  Gateway  
  54  4:50  Probe  
  56  5:02  Probe  
  56  5:04  Gateway x2  
  57  5:07  Probe  
  57  5:14  Probe  
  57  5:18  Pylon  
  57  5:21  Gateway  
  58  5:22  Gateway  
  58  5:23  Adept  
  58  5:24  Adept  
  62  5:37  Blink  
  62  5:40  Photon Cannon  
  62  5:43  Pylon  
  62  5:49  Probe x2  
  64  6:09  Probe x2  
  66  6:18  Templar Archives  
  66  6:19  Gateway  
  66  6:20  Sentry x4, Pylon  
  66  6:23  Zealot  
  66  6:24  Zealot  
  78  6:26  Immortal  
  82  6:54  Protoss Ground Armor Level 2, Protoss Ground Weapons Level 2  
  82  6:56  Psionic Storm  
  82  6:57  Nexus  
  82  7:00  Pylon  
  82  7:01  Assimilator  
  82  7:02  Pylon  
  82  7:03  Photon Cannon, Assimilator  
  82  7:33  High Templar x2  
  82  7:36  Zealot  
  82  7:37  Zealot x4  
  90  7:41  Archon  
  86  7:45  Probe x2, Pylon  
  86  7:48  Warp Prism  
  86  7:50  Pylon  
  90  7:57  Probe x2  
  92  8:01  High Templar x2  
  96  8:06  Zealot x5  
  96  8:09  Probe x2  
  108  8:18  Pylon  
  108  8:23  Probe x3  
  111  8:30  High Templar x3  
  117  8:35  Probe  
  117  8:40  Adept  
  117  8:41  Adept x3  
  125  8:56  Observer  
  126  9:04  Gateway  
  126  9:05  Gateway, High Templar x2  
  126  9:06  Gateway, Zealot x3  
  126  9:08  Archon  
  126  9:09  Zealot  
  138  9:12  Adept  
  138  9:14  Pylon  
  140  9:18  Pylon  
  136  9:40  Pylon  
  136  9:42  Stalker  
  136  9:43  Stalker x4  
  136  9:44  Stalker x2  
  146  9:48  Protoss Ground Weapons Level 3  
  147  9:53  Observer  
  140  10:06  Stalker  
  140  10:07  Stalker x5  
  144  10:08  Stalker  
  154  10:21  Pylon  
  154  10:22  Pylon, Protoss Ground Armor Level 3  
  154  10:23  Pylon  
  154  10:30  Zealot  
  155  10:37  Zealot  
  155  10:45  Adept x3  
  155  10:47  Adept  
  155  10:48  Adept  
  134  11:06  Archon  
  134  11:07  Shield Upgrade  
  134  11:09  Stalker  
  134  11:10  Stalker  
  138  11:14  High Templar  
  138  11:15  High Templar  
  138  11:16  Zealot x2  
  138  11:17  Zealot x2  
  89  11:48  Zealot x6  
  89  11:49  Zealot x4  
  104  12:15  Charge  
  92  12:17  High Templar x4  
  92  12:19  Zealot x3  
  92  12:20  Zealot x2  
  88  12:35  Zealot  
  88  12:36  Probe x2  
  88  12:37  Probe  
  91  12:44  High Templar x2  
  91  12:45  High Templar  
  91  12:46  Observer  
  91  12:48  Probe  
  99  12:52  Probe x2  
  101  13:04  High Templar  
  101  13:05  High Templar  
  105  13:07  Archon  
  105  13:08  Zealot x4  
  105  13:09  Zealot  
  115  13:21  Observer  
  116  13:30  Zealot x4  
  116  13:31  Zealot x3  
  130  13:42  Zealot x2  
  130  13:46  Archon  
  130  13:47  Archon  
  130  13:48  High Templar  
  122  13:55  Zealot  
  122  13:56  Zealot x3  
  122  13:57  Zealot  
  122  13:58  High Templar x2  
  122  14:00  Archon x2  
  135  14:06  Zealot  
  135  14:07  Zealot  
  94  14:19  High Templar x4  
  96  14:42  High Templar  
  96  14:43  High Templar x2  
  96  14:44  Zealot x3  
  98  14:55  Archon x2  
  84  15:05  High Templar x2  
  84  15:06  Zealot x5  
  90  15:07  Nexus  
  85  15:32  Stalker x2  
  85  15:33  Stalker x6  
  89  15:36  Archon  
  89  15:40  Archon  
  81  15:58  High Templar x2  
  85  16:06  Mothership Core  
  87  16:17  Nexus  
  87  16:24  High Templar  
  79  16:25  Zealot  
  79  16:26  Zealot x3  
  79  16:30  High Templar  
  89  16:33  Observer  
  90  16:51  High Templar  
  90  16:53  Zealot x3  
  98  17:04  Observer  
  97  17:08  Archon  
  97  17:10  Archon  
  91  17:19  Stalker x2  
  75  17:28  Zealot x2  
  69  17:39  High Templar x2  
  69  17:40  Zealot  
Show
View Real Time Build Order
Export as new Build Order

ReDBeTraYaL Terran - Winner!

Build Orders: Command Center First (CC), MMM Bio 

Get SALT Encoding   

  12  0:01  SCV  
  13  0:13  SCV  
  14  0:18  Supply Depot  
  14  0:25  SCV  
  15  0:39  SCV  
  16  0:51  SCV  
  17  1:00  Command Center  
  17  1:04  SCV  
  18  1:13  Barracks  
  18  1:16  SCV  
  19  1:23  Refinery  
  19  1:28  SCV  
  20  1:37  Refinery  
  20  1:40  SCV  
  21  1:52  SCV  
  22  2:01  Marine  
  22  2:07  Supply Depot  
  23  2:16  SCV  
  23  2:17  Bunker  
  23  2:19  Factory  
  23  2:22  Barracks Tech Lab  
  24  2:25  SCV  
  25  2:30  SCV  
  27  2:37  SCV  
  27  2:42  SCV  
  28  2:49  SCV  
  28  2:50  Barracks Reactor  
  29  2:54  SCV  
  30  3:01  SCV, Barracks  
  31  3:08  Cyclone  
  35  3:13  SCV  
  35  3:16  Orbital Command  
  35  3:25  SCV, Mag-Field Accelerator  
  36  3:27  Marine x2  
  38  3:34  Supply Depot  
  38  3:37  SCV  
  39  3:45  Marine x2  
  41  3:49  Barracks Tech Lab  
  41  3:50  Cyclone  
  43  4:00  SCV x2  
  45  4:05  Marine x2  
  45  4:09  Concussive Shells, Marauder  
  49  4:22  Engineering Bay  
  49  4:25  SCV  
  50  4:37  Marine x2  
  50  4:38  Marauder  
  54  4:42  Supply Depot  
  54  4:57  Terran Infantry Weapons Level 1, Command Center  
  54  5:03  Cyclone  
  54  5:04  Supply Depot  
  54  5:05  SCV x2  
  59  5:10  Refinery  
  59  5:11  Stimpack  
  59  5:22  Supply Depot  
  59  5:23  SCV x2  
  61  5:28  Marine  
  61  5:29  Marauder, Marine  
  61  5:35  Engineering Bay  
  65  5:39  Starport  
  65  5:41  SCV  
  66  5:42  Missile Turret  
  66  5:43  SCV  
  67  5:54  SCV  
  67  5:55  SCV  
  67  6:06  SCV  
  67  6:07  SCV  
  69  6:18  SCV, Medivac  
  72  6:19  SCV x2  
  72  6:23  Refinery  
  74  6:28  Barracks  
  74  6:30  SCV, Barracks  
  74  6:31  Factory Reactor  
  75  6:37  Missile Turret  
  74  6:48  SCV x2  
  74  6:51  Terran Infantry Armor Level 1  
  74  6:52  Missile Turret  
  74  6:53  SCV  
  77  7:00  SCV x2, Armory  
  79  7:11  Widow Mine x2  
  79  7:12  Starport Reactor  
  79  7:13  Missile Turret  
  80  7:22  Marauder, Marine x2  
  83  7:25  Barracks Reactor  
  80  7:42  SCV x2  
  83  7:46  Planetary Fortress  
  83  7:51  Armory, Engineering Bay, Missile Turret  
  82  7:52  Medivac x2, Widow Mine x2  
  90  7:59  SCV x2  
  92  8:09  Marine  
  93  8:19  Supply Depot  
  93  8:21  Supply Depot  
  93  8:33  Refinery x2  
  93  8:39  Terran Infantry Weapons Level 2  
  93  8:40  SCV x2, Medivac, Marine x2  
  93  8:41  Ghost Academy, Marauder  
  101  8:42  SCV, Marauder, Widow Mine x2  
  101  8:45  Combat Shields  
  108  8:53  SCV  
  109  9:02  Supply Depot  
  109  9:04  Supply Depot  
  109  9:05  Supply Depot  
  109  9:18  Supply Depot  
  109  9:19  Supply Depot  
  109  9:23  SCV x3, Marine x2  
  109  9:24  Marauder  
  116  9:26  Marauder  
  116  9:29  Barracks  
  117  9:36  Marine x2  
  119  9:41  Marine x2  
  119  9:45  Marauder  
  123  9:47  Marauder  
  125  9:54  Marine x2  
  125  9:59  Marine  
  125  10:01  Marine  
  125  10:02  Widow Mine x2  
  125  10:03  Medivac  
  125  10:04  Medivac  
  125  10:06  Marauder  
  136  10:08  Marauder  
  136  10:11  Marine  
  139  10:17  Command Center, SCV x2  
  141  10:23  Supply Depot  
  141  10:24  Barracks Tech Lab  
  141  10:28  Marauder  
  142  10:30  Marauder  
  142  10:33  Medivac  
  143  10:50  Command Center  
  143  10:55  Marauder x2, Marine x3  
  143  11:02  Marine  
  143  11:03  Marauder  
  145  11:12  Marine  
  145  11:16  Marauder  
  143  11:18  Terran Infantry Armor Level 2  
  143  11:19  Terran Infantry Weapons Level 3  
  143  11:20  Ghost, Terran Vehicle Weapons Level 1  
  143  11:23  Ghost  
  139  11:37  Ghost  
  130  11:42  Marine x3  
  130  11:47  SCV  
  130  11:48  Orbital Command  
  130  11:49  Marauder  
  130  11:52  Command Center  
  130  11:53  Marauder  
  134  11:59  Marine x2  
  136  12:05  Ghost  
  135  12:11  Marauder  
  135  12:14  Marauder  
  137  12:19  Medivac x2  
  137  12:22  Marine x4  
  142  12:24  SCV  
  142  12:25  SCV x2  
  142  12:26  Planetary Fortress  
  147  12:32  Marauder  
  147  12:35  Marauder  
  147  12:37  SCV  
  152  12:45  Marine  
  152  12:46  Marauder, Marine x2  
  157  12:51  Barracks  
  157  12:52  Barracks, Missile Turret  
  157  12:54  Marauder  
  159  13:03  Widow Mine x2, Marine x2  
  159  13:04  Medivac, Marauder  
  169  13:07  Marauder  
  169  13:10  Orbital Command  
  171  13:19  Ghost  
  172  13:24  Ghost  
  163  13:48  Marine x2  
  163  13:49  Marauder x2, Marine  
  169  14:02  Marine  
  171  14:03  Marauder  
  171  14:06  Marine  
  145  14:10  Marauder, Widow Mine x2  
  145  14:16  Marauder, Marine x2  
  131  14:24  Planetary Fortress, Marauder  
  131  14:25  Marine x2  
  131  14:27  Medivac x2  
  137  14:31  Marauder  
  137  14:34  Factory, Barracks, Marine x2  
  137  14:38  Widow Mine x2, Barracks, Marauder  
  132  14:56  Refinery  
  132  14:57  Command Center  
  132  14:58  Medivac x2  
  134  15:00  Refinery  
  134  15:02  SCV  
  134  15:03  SCV x2  
  134  15:04  Terran Infantry Armor Level 3  
  134  15:07  Widow Mine  
  116  15:43  Marine x2  
  116  15:44  Marauder x2, Marine x3  
  116  15:45  Barracks Tech Lab x2  
  116  15:48  Factory Reactor  
  125  16:01  Marine  
  126  16:04  Marine x3  
  126  16:05  Medivac x2, Marauder x2  
  126  16:10  Building Armor  
  132  16:19  Marauder x2, Marine x2  
  132  16:22  Marine  
  132  16:24  Marine x2  
  141  16:26  Marauder x2  
  145  16:37  Widow Mine x2, Ghost, Marine  
  145  16:38  Medivac x2  
  145  16:39  Barracks Reactor, Barracks Tech Lab  
  156  16:40  Ghost, Marine  
  156  16:41  Marauder  
  156  16:42  Marine x2  
  156  16:44  Widow Mine x2  
  167  16:47  Marauder, Marine  
  170  16:54  Marine  
  169  17:04  Marauder x2, Marine x3  
  169  17:05  Marine  
  164  17:17  Marine  
  164  17:18  Marauder x2, Marine x3  
  164  17:21  Marine  
  168  17:28  Marauder x2, Marine x3  
  173  17:41  Marine x4  
  181  17:45  Marine  
Tags
 
Add a new tag
Caveats
  • Supply blocks, unpowered buildings, or Contaminate may cause inaccurate times.
  • Supply counts are checked every 10 seconds.